 Dungeon Crawl Stone Soup version 0.22-a0-305-gd21a89c (webtiles) character file.

2611 Auros the Grappler (level 9, -4/78 HPs)
             Began as a Ghoul Monk on Mar 27, 2018.
             Was a Believer of Okawaru.
             Slain by a two-headed ogre
             ... wielding a +0 giant spiked club
              (8 damage)
             ... on level 8 of the Dungeon on Mar 28, 2018.
             The game lasted 00:50:56 (5728 turns).

Auros the Grappler (Ghoul Monk)                     Turns: 5728, Time: 00:50:57

Health: -4/78      AC: 19    Str: 19    XL:     9   Next: 60%
Magic:  10/10      EV:  7    Int:  5    God:    Okawaru [**....]
Gold:   239        SH:  5    Dex: 13    Spells: 8/8 levels left

rFire    . . .     SeeInvis .     - Unarmed
rCold    + . .     Gourm    .   G - +0 buckler
rNeg     + + +     Faith    .   H - +3 plate armour
rPois    ∞         Spirit   .   F - +0 helmet
rElec    .         Reflect  .   M - +2 cloak
rCorr    .         Harm     .   (no gloves)
MR       .....     Rnd*Tele +   (no boots)
Stlth    ..........             (no amulet)
HPRegen  0.00/turn              v - +3 ring of strength
MPRegen  0.12/turn              y - ring of teleportation (curse)

@: rotting
A: rotting body, claws 1, carnivore, cold resistance 1, negative energy
resistance 3, inhibited regeneration, torment resistance, unbreathing
a: Heroism, Renounce Religion


You were on level 8 of the Dungeon.
You worshipped Okawaru.
Okawaru was pleased with you.
You were not hungry.

You visited 2 branches of the dungeon, and saw 9 of its levels.

You collected 321 gold pieces.
You spent 82 gold pieces at shops.

Inventory:

Hand Weapons
 b - a +0 hunting sling
 L - a +0 shortbow
Missiles
 e - 37 bolts
 k - 128 arrows
 r - 5 needles of sleeping
 w - 170 stones (quivered)
 x - 40 poisoned needles
Armour
 a - a +0 robe
 g - a +0 leather armour
 p - a +1 pair of gloves
 q - a +1 ring mail
 A - a +0 chain mail
 F - a +0 helmet (worn)
 G - a +0 buckler (worn)
 H - a +3 plate armour (worn)
 M - a +2 cloak (worn)
Jewellery
 s - an uncursed ring of see invisible
 v - a +3 ring of strength (left claw)
 y - a cursed ring of teleportation (right claw)
 C - an uncursed ring of protection from cold
 N - an uncursed ring of resist corrosion
Wands
 D - a wand of acid (7)
 I - a wand of polymorph (4)
Scrolls
 f - 6 scrolls of remove curse
 h - 4 scrolls of identify
 i - 2 scrolls of fog {unknown}
 j - 4 scrolls of blinking {unknown}
 m - 8 scrolls of fear {unknown}
 n - 2 scrolls of magic mapping {unknown}
 o - 2 scrolls of teleportation {unknown}
 t - a scroll of immolation {unknown}
 z - a scroll of noise {unknown}
 J - a scroll of vulnerability {unknown}
Potions
 c - 2 potions of mutation
 l - 4 potions of brilliance {unknown}
 u - 2 potions of curing
 B - 4 potions of heal wounds {unknown}
 E - 2 potions of might {unknown}
 K - a potion of flight {unknown}
Comestibles
 d - 16 rations
 O - 2 chunks of flesh


   Skills:
 + Level 6.4 Fighting
 + Level 3.9 Armour
 + Level 4.9 Dodging
 - Level 2.1 Stealth
 + Level 4.0 Shields
 + Level 9.0 Unarmed Combat
 + Level 3.5 Evocations


You had 8 spell levels left.
You didn't know any spells.

Dungeon Overview and Level Annotations

Branches:
Dungeon (9/15)             Temple (1/1) D:4
   Lair: D:8-11         Orc: D:9-12

Altars:
Ashenzari
Cheibriados
Dithmenos
Elyvilon
Fedhas
Gozag
Hepliaklqana
Kikubaaqudgha
Nemelex Xobeh
Okawaru
Qazlal
Ru
Sif Muna
Trog
Vehumet
Wu Jian
Xom
Yredelemnul
Zin
The Shining One

Shops:
D:6 *   D:9 (


Innate Abilities, Weirdness & Mutations

Your body is rotting away.
You thrive on raw meat.
You are immune to poison.
You have sharp fingernails.
You are carnivorous and can eat meat at any time.
Your flesh is cold resistant. (rC+)
You are immune to negative energy. (rN+++)
You do not regenerate when monsters are visible.
You are immune to unholy pain and torment.
You can survive without breathing.


Message History

There is a stone staircase leading up here.
The two-headed ogre hits you with a giant spiked club!!
The two-headed ogre hits you with a giant club!
* * * LOW HITPOINT WARNING * * *
You climb upwards.
The crimson imp shouts!
A crimson imp comes into view.
Found 15 poisoned needles and 11 gold pieces.
There is a stone staircase leading down here.
You barely miss the two-headed ogre. You block the two-headed ogre's attack.
The two-headed ogre hits you with a giant club!
* * * LOW HITPOINT WARNING * * *
Evoke which item? (* to show all) (? for menu, Esc to quit)
Aiming: Polymorph
Press: ? - help, Shift-Dir - straight line, f - two-headed ogre
Aim: a two-headed ogre, wielding a giant spiked club and a giant club (chance to defeat MR: 38%)
The two-headed ogre resists with some effort.
You block the two-headed ogre's attack.
The two-headed ogre hits you with a giant club!
You die...

....
#...##
.....##
......#
......#
...5$.#
##.....##
#@O.5..(#
#.......#
#..######
..## ###


You could see a two-headed ogre and 2 crimson imps.

Vanquished Creatures
  A deep elf mage (D:9)
  Grinder (D:4)
  3 yaks (D:9)
  The ghost of ultrashaft the Sneak, an amateur VSAs (D:3)
  A phantom (D:4)
  An eye of draining (D:9)
  A sky beast (D:6)
  A black bear (D:5)
  3 ogres
  2 centaurs
  Blork the orc (D:6)
  A bullfrog (D:5)
  A scorpion (D:6)
  A crimson imp (D:9)
  A hound (D:6)
  2 orc priests
  3 orc wizards (D:5)
  A bullfrog skeleton (D:4)
  An iguana (D:5)
  2 worker ants
  A hound skeleton (D:6)
  Robin (D:4)
  4 gnolls
  7 adders
  2 shadow imps
  An adder skeleton (D:5)
  A worm (D:3)
  A dart slug (D:1)
  3 leopard geckos (D:1)
  12 orcs
  A ball python (D:2)
  3 giant cockroaches
  13 goblins
  4 hobgoblins
  2 jackals (D:5)
  4 quokkas
  3 bats
  5 frilled lizards
  A giant cockroach zombie (D:6)
  10 kobolds
  A leopard gecko zombie (D:5)
  9 rats
118 creatures vanquished.

Notes
Turn   | Place    | Note
-------+----------+-------------------------------------------
     0 | D:1      | Auros the Ghoul Monk began the quest for the Orb.
     0 | D:1      | Reached XP level 1. HP: 19/19 MP: 0/0
   159 | D:1      | Reached XP level 2. HP: 17/26 MP: 1/1
   186 | D:1      | Reached skill level 4 in Unarmed Combat
   801 | D:1      | Reached XP level 3. HP: 3/31 MP: 2/2
  1185 | D:2      | Reached skill level 5 in Unarmed Combat
  1397 | D:2      | Reached XP level 4. HP: 29/38 MP: 3/3
  2066 | D:3      | Noticed ultrashaft's ghost (amateur VSAs)
  2073 | D:3      | Killed ultrashaft's ghost
  2073 | D:3      | Reached skill level 7 in Unarmed Combat
  2073 | D:3      | Reached XP level 5. HP: 45/45 MP: 4/4
  2139 | D:3      | Reached XP level 6. HP: 40/50 MP: 5/5
  2760 | D:4      | Found a staircase to the Ecumenical Temple.
  2789 | Temple   | Entered the Ecumenical Temple
  3224 | Temple   | Became a worshipper of Ru the Awakened
  3229 | Temple   | Fell from the grace of Ru
  3462 | Temple   | Became a worshipper of Warmaster Okawaru
  3536 | D:4      | Noticed Robin
  3548 | D:4      | Killed Robin
  3733 | D:4      | Noticed a phantom
  3758 | D:4      | Killed a phantom
  3824 | D:4      | Noticed Grinder
  3829 | D:4      | Paralysed by Grinder for 7 turns
  3922 | D:4      | Killed Grinder
  3922 | D:4      | Reached * piety under Okawaru
  3922 | D:4      | Reached skill level 1 in Armour
  3922 | D:4      | Reached skill level 1 in Shields
  3922 | D:4      | Reached XP level 7. HP: 53/59 MP: 6/6
  4187 | D:5      | Entered Level 5 of the Dungeon
  4268 | D:5      | Reached skill level 1 in Evocations
  4290 | D:5      | Reached XP level 8. HP: 55/66 MP: 7/7
  4559 | D:5      | Reached skill level 5 in Fighting
  4559 | D:5      | Reached skill level 8 in Unarmed Combat
  4714 | D:5      | Found a shimmering altar of Xom.
  5207 | D:6      | Found Edoingu's General Store.
  5298 | D:6      | Bought a scroll of enchant armour for 82 gold pieces
  5328 | D:6      | Noticed Blork the orc
  5347 | D:6      | Killed Blork the orc
  5468 | D:6      | You fall through a shaft for 3 floors!
  5544 | D:9      | Found Misibiod's Weapon Emporium.
  5551 | D:9      | Found a snail-covered altar of Cheibriados.
  5595 | D:9      | Reached XP level 9. HP: 75/75 MP: 8/10
  5622 | D:9      | Noticed a deep elf mage
  5623 | D:9      | Upgraded the game from 0.22-a0-303-g4a852b3 to 0.22-a0-304-gc4e68a0
  5623 | D:9      | Upgraded the game from 0.22-a0-304-gc4e68a0 to 0.22-a0-305-gd21a89c
  5634 | D:9      | Killed a deep elf mage
  5634 | D:9      | Reached ** piety under Okawaru
  5674 | D:9      | Reached skill level 9 in Unarmed Combat
  5696 | D:9      | Noticed a two-headed ogre
  5728 | D:8      | Slain by a two-headed ogre

Vault maps used:
D:1:      minmay_arrival_semitransparent, minmay_hedge_maze,
          corexii_corridor_pit
D:2:      minmay_cupped
D:4:      temple_pool_b, first_ration, minmay_misc_feat_nine_boxes,
          uniq_grinder, uniq_robin
D:5:      nicolae_overflow_crystal_walls, item_on_display_a
D:6:      lemuel_coloured_pillars_altar, serial_shops, shop, uniq_blork_the_orc
D:8:      cheibrodos_helix_gallery, serial_shops,
          nicolae_shop_overgrown_old_shop, hangedman_pestilent_swarm,
          kennysheep_nub, minmay_radiant
D:9:      lemuel_crystal_altar, erik_orc_1, serial_shops, nicolae_shop_trees,
          basic_altar
Temple:   dpeg_five_rooms_temple

Skill      XL: |  1  2  3  4  5  6  7  8  9 |
---------------+----------------------------+-----
Unarmed Combat | 4 5 7 8 9 |  9.0
Fighting       | 4 5 6 |  6.4
Armour         | 1 2 3 |  3.9
Dodging        | 3 4 |  4.9
Shields        | 1 2 3 4 |  4.0
Evocations     | 1 2 3 |  3.5
Stealth        | |  2.1

Action                   |  1- 3 |  4- 6 |  7- 9 || total
-------------------------+-------+-------+-------++-------
Melee: Unarmed           |   116 |   129 |   211 ||   456
       Punch             |     1 |     3 |       ||     4
 Fire: Hunting sling     |       |     7 |    16 ||    23
Invok: Renounce Religion |       |     1 |       ||     1
       Heroism           |       |       |     3 ||     3
Evoke: Wand              |       |       |     2 ||     2
  Use: Scroll            |     3 |     1 |     3 ||     7
       Potion            |       |     1 |       ||     1
 Stab: Sleeping          |     2 |     2 |       ||     4
  Eat: Chunk             |    12 |    14 |    18 ||    44
Armor: Robe              |     5 |       |       ||     5
       Leather armour    |    10 |       |       ||    10
       Ring mail         |    14 |    16 |       ||    30
       Plate armour      |       |    12 |   111 ||   123
       Chain mail        |       |    10 |       ||    10
Dodge: Dodged            |    63 |    38 |    63 ||   164
Block: Buckler           |       |     2 |    46 ||    48

Table legend:
 A = Spawn XP
 B = Non-spawn XP
 C = Spawn XP percentage of total XP
 D = Spawn monster count
 E = Non-spawn monster count
 F = Spawn count percentage of total count
 G = Total turns spent on level
                    A         B        C        D         E        F      G
               +---------+---------+-------+---------+---------+-------+---------
         Total |       0 |    3731 |   0.0 |       0 |     118 |   0.0 |  5728
               +---------+---------+-------+---------+---------+-------+---------
           D:1 |       0 |      49 |   0.0 |       0 |      21 |   0.0 |  1208
           D:2 |       0 |      91 |   0.0 |       0 |      20 |   0.0 |   677
           D:3 |       0 |     213 |   0.0 |       0 |      13 |   0.0 |   884
           D:4 |       0 |     674 |   0.0 |       0 |      24 |   0.0 |   692
           D:5 |       0 |     755 |   0.0 |       0 |      24 |   0.0 |   974
           D:6 |       0 |     372 |   0.0 |       0 |       8 |   0.0 |   307
           D:9 |       0 |    1577 |   0.0 |       0 |       8 |   0.0 |   258
               +---------+---------+-------+---------+---------+-------+---------
